 Dungeon Crawl Stone Soup version 0.18-a0-1805-g8ab820f (webtiles) character file.

116 Zhenya25pyc the Shield-Bearer (level 5, -2/33 HPs)
             Began as a Gargoyle Fighter on Apr 26, 2016.
             Was an Initiate of Okawaru.
             Slain by a worm (6 damage)
             ... on level 3 of the Dungeon.
             The game lasted 00:04:00 (2238 turns).

Zhenya25pyc the Shield-Bearer (Gargoyle Fighter)    Turns: 2238, Time: 00:04:01

Health: -2/33      AC: 12    Str: 21    XL:     5   Next: 0%
Magic:  5/5        EV:  8    Int:  8    God:    Okawaru [......]
Gold:   120        SH:  9    Dex:  9    Spells: 0 memorised, 4 levels left

rFire  + . .     SeeInvis .     a - +0 flail
rCold  x . .     Gourm    .     b - +0 scale mail
rNeg   + + .     Faith    .     c - +0 shield
rPois  ∞         Spirit   .     m - +0 helmet
rElec  +         Dismiss  .     (no cloak)
rCorr  .         Reflect  .     (no gloves)
SustAt .         Harm     +     (no boots)
MR     .....                    w - amulet of harm
Stlth  ..........               l - ring of positive energy
                                e - ring of fire

@: not resistant to hostile enchantments, extremely unstealthy
A: negative energy resistance 1, electricity resistance, unbreathing,
petrification resistance, rot immunity, AC +4
a: Renounce Religion


You were on level 3 of the Dungeon.
You worshipped Okawaru.
Okawaru was noncommittal.
You were not hungry.

You visited 1 branch of the dungeon, and saw 3 of its levels.

You collected 120 gold pieces.

Inventory:

Hand Weapons
 a - a +0 flail (weapon)
Armour
 b - a +0 scale mail (worn)
 c - a +0 shield (worn)
 m - a +0 helmet (worn)
Jewellery
 e - a ring of fire (left hand)
 l - a ring of positive energy (right hand)
 w - an amulet of harm (around neck)
Scrolls
 g - 4 scrolls of identify {unknown}
 i - a scroll of fear {unknown}
 o - a scroll of blinking {unknown}
 u - a scroll of noise {unknown}
Potions
 d - a potion of might
 h - a potion of agility {unknown}
 j - a potion of magic {unknown}
 k - 2 potions of resistance {unknown}
 n - a potion of lignification {unknown}
 p - 2 potions of degeneration {unknown}
 q - a potion of ambrosia {unknown}
 r - a potion of curing {unknown}
 s - a potion of heal wounds {unknown}
 t - a potion of berserk rage {unknown}
Comestibles
 f - a bread ration
 v - 3 chunks of flesh


   Skills:
 + Level 3.7 Fighting
 + Level 2.3 Maces & Flails
 + Level 4.0 Armour
 + Level 1.4 Dodging
 + Level 4.4 Shields


You had 4 spell levels left.
You didn't know any spells.

Dungeon Overview and Level Annotations

Branches:
Dungeon (3/15)

Altars:
Okawaru
Vehumet
Xom
Yredelemnul

Portals:
Sewer: D:3


Innate Abilities, Weirdness & Mutations

You are resistant to torment.
Your stone body is resilient (AC +4).
You are immune to poison.
You resist negative energy.
You are resistant to electric shocks.
You can survive without breathing.
You are immune to petrification.
You are immune to rotting.


Message History

You are too injured to fight recklessly!
You are too injured to fight recklessly!
You are too injured to fight recklessly!
You are too injured to fight recklessly!
Unknown command.
You barely miss the worm.
The worm is heavily wounded.
You block the rat's attack. The rat barely misses you.
You hit the worm.
The worm is heavily wounded.
You block the worm's attack.
The rat twitches its whiskers.
You block the rat's attack.
You hit the worm but do no damage.
The worm is heavily wounded.
The rat bites you but does no damage. You block the worm's attack.
You hit the worm.
The worm is heavily wounded.
The rat bites you but does no damage. The worm bites you.
You die...

#.... #.....#....
..#.... #.....#....
..#.... #..........
.......###+###..........
....................# #
....................# #
...≈≈≈..............####
..≈≈≈≈†.............)...
..≈≈∩≈r@................
..≈≈≈≈w.................
...≈≈≈.....$..(.........
.....................#(.
.......................#
#...#................#..
#.###.##...........)...#
#. #. .#######...#.#..
#...#...#


You could see a worm and a rat.

Vanquished Creatures
  A river rat (D:3)
  4 adders
  4 worms (D:2)
  2 giant geckos
  2 orcs (D:3)
  2 giant cockroaches
  3 goblins
  10 hobgoblins
  5 jackals
  4 kobolds
  2 quokkas
  A ball python (D:2)
  7 bats
  A giant newt (D:1)
  7 rats
55 creatures vanquished.

Vanquished Creatures (others)
  A goblin (D:2)
1 creature vanquished.

Grand Total: 56 creatures vanquished

Notes
Turn   | Place    | Note
--------------------------------------------------------------
     0 | D:1      | Zhenya25pyc the Gargoyle Fighter began the quest for the Orb.
     0 | D:1      | Reached XP level 1. HP: 14/14 MP: 1/1
   246 | D:1      | Reached XP level 2. HP: 13/19 MP: 2/2
   549 | D:1      | Reached XP level 3. HP: 23/23 MP: 3/3
  1079 | D:2      | Reached skill level 1 in Dodging
  1125 | D:2      | Reached XP level 4. HP: 28/28 MP: 4/4
  1486 | D:2      | Found a basalt altar of Yredelemnul.
  1486 | D:2      | Found an iron altar of Okawaru.
  1489 | D:2      | Became a worshipper of Warmaster Okawaru
  1737 | D:2      | Found a shimmering altar of Xom.
  1940 | D:2      | Found a radiant altar of Vehumet.
  2211 | D:3      | Found a glowing drain.
  2229 | D:3      | Reached XP level 5. HP: 18/33 MP: 5/5
  2238 | D:3      | Slain by a worm

Vault maps used:
D:1:      dpeg_arrival_circle_labyrinth_c
D:2:      fiery_altar_vehumet, tgw_xom, gammafunk_temple_overflow_elements
D:3:      lemuel_coloured_pillars_altar, portal_sewer_entry_a,
          minmay_misc_feat_columns, minmay_misc_feat_pillars,
          corexii_item_surrounded_by_moat, st_stairs_2, minmay_bad_closet

Skill      XL: |  1  2  3  4 |
---------------+-------------+-----
Shields        | 4 |  4.4
Dodging        | 1 |  1.4
Armour         | 4 |  4.0
Fighting       | |  3.7
Maces & Flails | |  2.3

Action                   |  1- 3 |  4- 6 || total
-------------------------+-------+-------++-------
Melee: Flail             |   146 |   122 ||   268
  Eat: Chunk             |     1 |     1 ||     2
       Bread ration      |       |     1 ||     1
Armor: Scale mail        |    99 |    59 ||   158
Dodge: Dodged            |    44 |    41 ||    85
Block: Shield            |    95 |    79 ||   174
